 Dungeon Crawl Stone Soup version 0.32-a0-893-gf85d74f360 (webtiles) character file.

Game seed: 4996193489550149803

6 KennySheep the Grasshopper (level 1, 0/17 HPs)
             Began as an Armataur Warper on Apr 4, 2024.
             Frozen to death by an endoplasm (4 damage)
             ... on level 1 of the Dungeon.
             The game lasted 00:01:06 (108 turns).

KennySheep the Grasshopper (Armataur Warper)         Turns: 108, Time: 00:01:07

Health: 0/17       AC:  4    Str: 16    XL:     1   Next: 75%
Magic:  3/3        EV:  8    Int: 13    God:
Gold:   22         SH:  0    Dex:  9    Spells: 3/3 levels left

rFire   . . .        a - +0 short sword
rCold   . . .        (no shield)
rNeg    . . .        b - +0 leather armour
rPois   .            (no helmet)
rElec   .            (no cloak)
rCorr   .            (no gloves)
SInv    .            (no barding)
Will    .....        (no amulet)
Stlth   +            (no ring)
HPRegen 0.22/turn    (no ring)
MPRegen 0.41/turn

%: roll
@: no status effects
A: large, deformed body, tough skin 3, armoured tail, rollpage 1
a: no special abilities


You were on level 1 of the Dungeon.
You visited 1 branch of the dungeon, and saw 1 of its levels.

You collected 22 gold pieces.

Inventory:

Hand Weapons
 a - a +0 short sword (weapon)
Missiles
 d - 7 darts of dispersal (quivered)
Armour
 b - a +0 leather armour (worn)
Scrolls
 c - a scroll of blinking
 e - a scroll of butterflies {unknown}
Potions
 f - 2 potions of resistance {unknown}


   Skills:
 + Level 1.8 Fighting
 * Level 2.0 Short Blades
 - Level 0.8 Throwing
 - Level 1.2 Armour
 - Level 1.3 Dodging
 * Level 0.8 Stealth
 + Level 1.8 Spellcasting
 - Level 3.0 Translocations


You had 3 spell levels left.
You didn't know any spells.
Your spell library contained the following spells:

 Spells                   Type           Power      Damage    Failure   Level
 Blink                    Tloc           18%        N/A       14%         2
 Lesser Beckoning         Tloc           18%        N/A       14%         2
 Maxwell's Portable Pile  Tloc           9%         2d(6-16)  28%         3
 Teleport Other           Tloc           9%         N/A       28%         3
 Vhi's Electric Charge    Tloc/Air       10%        N/A       86%         4
 Malign Gateway           Summ/Tloc      2%         N/A       100%        7
 Summon Horrible Things   Summ           0%         N/A       100%        8


Dungeon Overview and Level Annotations

Branches:
Dungeon (1/15)

Altars:

Shops:
D:1 ?


Innate Abilities, Weirdness & Mutations

Armour fits poorly on your strangely shaped body.
You have extremely tough skin. (AC +3)
You have a long armoured tail.
You regenerate magic when rolling toward enemies. (Rampage MPRegen)


Message History

The quokka is severely wounded.
The ball python barely misses you.
The quokka bites you but does no damage.
The ball python barely misses you.
You barely miss the quokka.
The quokka is severely wounded.
The quokka barely misses you.
The ball python bites you but does no damage.
You hit the quokka.
The quokka is almost dead.
The quokka barely misses you. The ball python bites you.
The quokka bites you but does no damage.
The quokka attacks as it pursues you!
The quokka bites you but does no damage.
The quokka bites you.
You hit the quokka but do no damage.
The quokka is severely wounded.
The quokka bites you.
You hit the quokka but do no damage.
The quokka is severely wounded.
The quokka barely misses you.
You hit the quokka.
You kill the quokka!
Your Short Blades skill increases to level 2!
You hit the ball python.
You kill the ball python!
The kobold throws a stone.
The stone barely misses you.
You roll towards the kobold!
You barely miss the kobold. The kobold hits you with a +0 whip.
* * * LOW HITPOINT WARNING * * *
You hit the kobold.
You tail-slap the kobold, but do no damage.
The kobold is severely wounded.
The kobold hits you with a +0 whip.
* * * LOW HITPOINT WARNING * * *
You hit the kobold but do no damage.
The kobold is severely wounded.
The endoplasm freezes you.
You are frozen.
You die...

## . .. .. .##
... ..# ....
##.#####..#
.#.### .....
.... ...##.....#
......###J##
....?J....
........@K.#
#.##......
##########r###
#.........
#.w.###?........
#....†..........
#####...........
####....)...
#........
#........
#........


You could see a dart slug, an endoplasm, a kobold and a rat.

Vanquished Creatures
  An endoplasm (D:1)
  A goblin (D:1)
  A quokka (D:1)
  2 ball pythons (D:1)
  A rat (D:1)
6 creatures vanquished.

Notes
Turn   | Place    | Note
-------+----------+-------------------------------------------
     0 | D:1      | KennySheep the Armataur Warper began the quest for the Orb.
     0 | D:1      | Reached XP level 1. HP: 17/17 MP: 3/3
     0 | D:1      | Noticed an ice dragon
     4 | D:1      | Noticed an orb of fire
     6 | D:1      | Noticed an ice dragon
     8 | D:1      | Noticed an orb of fire
     9 | D:1      | Noticed an ice dragon
    11 | D:1      | Noticed an orb of fire
    11 | D:1      | Noticed a shadow dragon
    13 | D:1      | Noticed an iron dragon
    13 | D:1      | Noticed an orb of fire
    15 | D:1      | Noticed a tentacled monstrosity
    15 | D:1      | Noticed an ice dragon
    17 | D:1      | Noticed an ice dragon
    17 | D:1      | Noticed a shadow dragon
    19 | D:1      | Noticed a black draconian
    21 | D:1      | Noticed an ice dragon
    26 | D:1      | Found Guingo's Magic Scroll Shoppe.
   108 | D:1      | Frozen to death by an endoplasm

Illustrated notes

Levels and vault maps discovered:
D:1:      shiori_arrival_whats_in_store_for_you, layout_rooms, serial_shops,
          shop, minmay_misc_feat_columns

Skill      XL: |  1 |
---------------+----+-----
Short Blades   | 2 |  2.0
Fighting       | |  1.8
Throwing       | |  0.8
Armour         | |  1.2
Dodging        | |  1.3
Stealth        | |  0.8
Spellcasting   | |  1.8
Translocations | |  3.0

Action                     || total
---------------------------++-------
  Melee: Short sword       ||    32
         Tailslap          ||     3
 Armour: Leather armour    ||    33
  Dodge: Dodged            ||    12

Table legend: (Time is in decaauts)
 A = Elapsed time spent in this place.
 B = Non-inter-level travel time spent in this place.
 C = Inter-level travel time spent in this place.
 D = Time resting spent in this place.
 E = Time spent auto-exploring this place.
 F = Levels seen in this place.
 G = Mean time per level.
                   A        B        C        D        E       F      G
               +--------+--------+--------+--------+--------+-----+--------+
         Total |    105 |    105 |      0 |      0 |     44 |   1 |  105.0 |
       Dungeon |    105 |    105 |      0 |      0 |     44 |   1 |  105.0 |
               +--------+--------+--------+--------+--------+-----+--------+

Top non-repeatable levels by time:
     D:1: 105 daAuts
